Map: Catalyst LE

Players

Kelazhur

  • Race: Terran Terran
  • Spawn Location: 11:00

Neeb - Winner!

  • Race: Protoss Protoss
  • Spawn Location: 5:00

Event: WESG 2017 Haikou

VOD

Have the link to the VOD?

Description

Time

  • Played on: March 14, 2018, 5:11 a.m.
  • Length: 8:57

All games in this series

Show
View Real Time Build Order
Export as new Build Order

Kelazhur Terran 

Build Orders: 1/1/1, Cyclone Opening, Cyclone Timing 

Get SALT Encoding   

  12  0:00  SCV  
  13  0:13  SCV  
  14  0:17  Supply Depot  
  14  0:25  SCV  
  14  0:27  Refinery  
  15  0:39  SCV  
  16  0:46  Barracks  
  16  0:51  SCV  
  17  1:03  SCV  
  18  1:15  SCV  
  19  1:33  Marine, Factory  
  19  1:34  Orbital Command  
  20  1:43  Refinery  
  20  1:51  Marine  
  21  2:00  Supply Depot  
  21  2:01  SCV  
  22  2:09  Marine  
  23  2:19  Starport  
  23  2:22  SCV  
  24  2:27  Marine  
  24  2:28  Cyclone  
  28  2:34  Supply Depot  
  28  2:37  SCV  
  29  2:45  Marine  
  30  2:53  SCV  
  31  3:00  Cyclone  
  31  3:02  Medivac  
  31  3:03  Marine  
  37  3:07  Supply Depot  
  37  3:11  SCV  
  38  3:21  Marine  
  39  3:27  SCV  
  31  3:34  Cyclone, Viking  
  42  3:45  SCV  
  37  4:04  Viking  
  37  4:06  Marine  
  37  4:08  Cyclone  
  43  4:25  Command Center  
  43  4:29  SCV  
  43  4:34  Viking  
  45  4:41  SCV  
  45  4:44  Barracks Tech Lab  
  45  4:45  Barracks Reactor  
  46  4:49  Barracks  
  46  4:53  SCV  
  47  5:03  Supply Depot  
  48  5:10  SCV  
  46  5:22  Marine x2  
  48  5:32  SCV  
  47  5:38  Orbital Command  
  47  5:39  Barracks Tech Lab  
  47  5:40  Bunker  
  47  5:44  SCV  
  48  5:53  Marine x2  
  48  5:56  SCV  
  51  6:05  Marine  
  51  6:06  Stimpack  
  51  6:08  SCV x2  
  51  6:09  Engineering Bay  
  54  6:13  Marine x2  
  56  6:20  SCV x2  
  56  6:23  Marine, Barracks  
  58  6:30  Marine  
  55  6:33  SCV  
  55  6:36  Marine  
  57  6:42  SCV, Marine  
  58  6:47  SCV  
  58  6:48  Marine  
  58  6:49  Starport Reactor  
  58  6:50  Terran Infantry Weapons Level 1  
  60  6:56  Barracks x2  
  60  6:59  Marine  
  61  7:02  SCV  
  61  7:10  Marine  
  61  7:11  SCV  
  61  7:12  Marine  
  61  7:14  Barracks Tech Lab  
  64  7:25  Marine  
  64  7:28  Marine  
  65  7:30  Marine  
  65  7:36  SCV  
  64  7:38  Marine  
  64  7:43  SCV  
  55  7:46  Marine x2  
  55  7:48  SCV, Marine  
  55  7:49  Medivac x2  
  56  7:52  Marine x2  
  56  7:56  Marine  
  59  8:04  Marine x2  
  61  8:05  Marine  
  61  8:10  Marine  
  61  8:11  Marauder  
  65  8:13  SCV x2  
  65  8:15  Marauder  
  69  8:22  Marine x2  
  69  8:27  SCV x2  
  72  8:28  Marine x2  
  72  8:32  Marauder  
  72  8:33  Supply Depot  
  76  8:35  Marine  
  76  8:39  Supply Depot  
Show
View Real Time Build Order
Export as new Build Order

Neeb Protoss - Winner!

Build Orders: 1 Gate Expand 

Get SALT Encoding   

  12  0:00  Probe  
  13  0:13  Probe  
  14  0:19  Pylon  
  14  0:25  Probe  
  15  0:35  Assimilator  
  15  0:37  Probe (Chrono Boost)  
  16  0:44  Gateway  
  16  0:49  Probe (Chrono Boost)  
  17  0:54  Probe (Chrono Boost)  
  18  1:06  Probe  
  19  1:18  Probe  
  20  1:26  Nexus  
  20  1:36  Cybernetics Core  
  20  1:38  Probe  
  21  1:47  Assimilator  
  21  1:50  Probe  
  22  1:58  Pylon  
  22  2:02  Probe  
  23  2:14  Adept (Chrono Boost)  
  23  2:16  Probe  
  23  2:17  Warp Gate  
  26  2:26  Robotics Facility  
  26  2:28  Probe  
  27  2:35  Adept  
  29  2:39  Probe  
  29  2:40  Probe  
  31  2:49  Shield Battery  
  31  2:51  Probe  
  33  3:01  Stalker (Chrono Boost)  
  33  3:05  Gateway  
  34  3:13  Immortal (Chrono Boost)  
  38  3:21  Shield Battery  
  38  3:27  Stalker (Chrono Boost)  
  40  3:36  Probe x2  
  42  3:48  Immortal (Chrono Boost), Probe  
  44  4:01  Probe  
  44  4:02  Probe  
  42  4:11  Pylon  
  44  4:19  Stalker  
  44  4:20  Stalker  
  44  4:24  Shield Battery  
  44  4:26  Immortal (Chrono Boost)  
  48  4:33  Shield Battery  
  48  4:36  Shield Battery  
  48  4:42  Pylon  
  48  4:44  Stalker  
  50  4:53  Stalker  
  52  5:00  Immortal (Chrono Boost), Probe  
  57  5:07  Probe  
  57  5:12  Probe, Pylon  
  59  5:18  Stalker  
  59  5:21  Probe, Pylon  
  62  5:26  Forge  
  62  5:29  Probe  
  62  5:31  Warp Prism (Chrono Boost)  
  62  5:35  Probe  
  64  5:41  Probe  
  65  5:47  Probe  
  65  5:49  Sentry x2  
  70  5:53  Probe  
  71  5:58  Pylon  
  71  5:59  Probe  
  71  6:01  Protoss Ground Weapons Level 1 (Chrono Boost)  
  72  6:05  Probe  
  72  6:10  Observer  
  74  6:11  Probe  
  74  6:14  Nexus  
  75  6:18  Assimilator  
  75  6:19  Probe, Assimilator  
  75  6:23  Probe  
  77  6:31  Probe  
  77  6:32  Stalker x2  
  82  6:36  Probe  
  83  6:43  Probe  
  84  6:48  Probe  
  84  6:53  Robotics Bay  
  85  6:54  Gateway  
  85  6:55  Probe, Gateway  
  86  7:03  Pylon x2  
  86  7:19  Assimilator  
  86  7:21  Probe x2  
  88  7:23  Assimilator  
  85  7:30  Sentry x2  
  85  7:33  Probe x2  
  85  7:35  Probe  
  84  7:45  Probe x2  
  84  7:47  Probe  
  84  7:48  Colossus (Chrono Boost)  
  81  7:57  Probe, Twilight Council  
  81  7:58  Probe, Gateway  
  89  7:59  Probe  
  89  8:03  Gateway x2  
  90  8:09  Gateway  
  90  8:10  Probe  
  90  8:11  Probe x2  
  90  8:12  Pylon, Gateway  
  93  8:14  Shield Battery  
  93  8:22  Probe  
  93  8:24  Stalker  
  93  8:25  Stalker x2  
  104  8:48  Gateway x2  
Tags
 
Add a new tag
Caveats
  • Supply blocks, unpowered buildings, or Contaminate may cause inaccurate times.
  • Supply counts are checked every 10 seconds.